 Dungeon Crawl Stone Soup version 0.23.2-1-ga50397a (webtiles) character file.

Game seed: 7812215306648079740

154 Fortress the Digger (level 5, -9/35 HPs)
             Began as a Formicid Earth Elementalist on May 29, 2019.
             Drowned by a water nymph (glowing shapeshifter) (10 damage)
             ... on level 3 of the Dungeon.
             The game lasted 00:19:28 (2659 turns).

Fortress the Digger (Formicid Earth Elementalist)   Turns: 2659, Time: 00:19:31

Health: -9/35      AC:  5    Str: 13    XL:     5   Next: 63%
Magic:  1/11       EV: 12    Int: 15    God:
Gold:   136        SH:  0    Dex: 11    Spells: 6/12 levels left

rFire    . . .     SeeInvis +   y - +2 quarterstaff (chaos)
rCold    . . .     Gourm    .   (no shield)
rNeg     . . .     Faith    .   c - +0 robe
rPois    +         Spirit   .   (helmet unavailable)
rElec    .         Reflect  .   z - +1 cloak {rPois}
rCorr    .         Harm     .   k - +0 pair of gloves
MR       .....                  (no boots)
Stlth    +.........             (no amulet)
HPRegen  0.11/turn              (no ring)
MPRegen  0.12/turn              (no ring)

@: very slow
A: permanent stasis, dig shafts and tunnels, four strong arms, antennae 3
a: Dig, Shaft Self


You were on level 3 of the Dungeon.
You were not hungry.

You visited 1 branch of the dungeon, and saw 4 of its levels.

You collected 136 gold pieces.

Inventory:

Hand Weapons
 a - a +0 whip
 y - a +2 quarterstaff of chaos (weapon)
Missiles
 b - 76 stones (quivered)
Armour
 c - a +0 robe (worn)
 k - a +0 pair of gloves (worn)
 m - a cursed +0 robe
 n - a cursed +0 chain mail
 v - a +0 leather armour
 z - a +1 cloak of poison resistance (worn)
 C - a scarf of spirit shield
Jewellery
 w - an uncursed ring of fire {unknown}
Scrolls
 e - a scroll of blinking {unknown}
 g - a scroll of magic mapping {unknown}
 h - a scroll of immolation {unknown}
 i - 2 scrolls of amnesia {unknown}
 j - a scroll of teleportation {unknown}
 r - a scroll of fog {unknown}
 s - 3 scrolls of identify {unknown}
 t - a scroll of remove curse {unknown}
 u - a scroll of enchant armour {unknown}
Potions
 f - 2 potions of curing {unknown}
 l - 2 potions of degeneration {unknown}
 o - a potion of haste {unknown}
 p - 2 potions of lignification {unknown}
 q - a potion of cancellation {unknown}
 x - a potion of might {unknown}
 A - a potion of ambrosia {unknown}
 B - a potion of flight {unknown}
 D - a potion of agility {unknown}
Comestibles
 d - 8 rations


   Skills:
 - Level 0.2 Fighting
 - Level 1.7 Dodging
 - Level 3.0 Stealth
 + Level 4.0 Spellcasting
 + Level 1.1 Transmutations
 + Level 5.4 Earth Magic


You had 6 spell levels left.
You knew the following spells:

 Your Spells              Type           Power        Failure   Level  Hunger
a - Sandblast             Erth           ###...       1%          1    None
b - Passwall              Tmut/Erth      ##......     7%          2    ##.....
c - Stone Arrow           Conj/Erth      ##....       17%         3    ###....

Your spell library contained the following spells:

 Spells                   Type           Power        Failure   Level  Hunger
 Animate Skeleton         Necr           N/A          19%         1    None
 Apportation              Tloc           #.....       19%         1    None
 Confusing Touch          Hex            #.....       19%         1    None
 Summon Small Mammal      Summ           #...         19%         1    None
 Petrify                  Tmut/Erth      ##......     43%         4    ####...
 Lee's Rapid Deconstruct  Erth           ###.......   47%         5    ######.


Dungeon Overview and Level Annotations

Branches:
Dungeon (4/15)
 Temple: D:4-7

Altars:

Annotations:
D:2 Natasha


Innate Abilities, Weirdness & Mutations

You cannot be hasted, slowed, berserked, paralysed or teleported.
You can dig through walls and to a lower floor.
Your four strong arms can wield two-handed weapons with a shield.
You have a pair of large antennae on your head. (SInv)


Message History

The redback is moderately wounded.
The redback changes into a water nymph!
You closely miss the water nymph. The rat bites you but does no damage.
The water nymph touches you. The water nymph drowns you!
Splash!
You fall into the shallow water.
Moving in this stuff is going to be slow.
The rat closely misses you.
Casting: Sandblast (safe; 1% risk of failure)
Confirm with . or Enter, or press ? or * to list all spells.
Aiming: Sandblast (safe; 1% risk of failure)
Press: ? - help, Shift-Dir - straight line, f/p - water nymph
Aim: a water nymph shaped shifter The blast of sand hits the water nymph!
The water nymph is lightly wounded.
b - 76 stones The water nymph touches you!
* * * LOW HITPOINT WARNING * * *
The water nymph drowns you!
You die...

#.#
###.####
#..$...#
#......#
#.....?#
#......#
#......#
###...!..#
#....@≈..#
#....mr###
#......#
########
#......#
#......#
#......#
#......##
#####.##
#........
..#
#......##
#.#
#......#
#....).#


You could see a water nymph shaped shifter and a rat.

Vanquished Creatures
  Crazy Yiuf (D:2)
  Jessica (D:3)
  3 adders (D:3)
  2 oozes
  A dart slug (D:1)
  2 leopard geckos
  An orc (D:3)
  A ball python (D:2)
  2 bats (D:3)
  5 giant cockroaches
  8 goblins
  6 hobgoblins
  2 jackals (D:1)
  7 kobolds
  3 quokkas
  3 frilled lizards
  7 rats
55 creatures vanquished.

Notes
Turn   | Place    | Note
-------+----------+-------------------------------------------
     0 | D:1      | Fortress the Formicid Earth Elementalist began the quest
                  | for the Orb.
     0 | D:1      | Reached XP level 1. HP: 13/13 MP: 3/3
   163 | D:1      | Reached skill level 4 in Earth Magic
   174 | D:1      | Reached XP level 2. HP: 17/19 MP: 0/5
   535 | D:1      | Reached XP level 3. HP: 16/24 MP: 1/7
  1350 | D:2      | Found a runed translucent door.
  1351 | D:2      | Noticed Crazy Yiuf
  1357 | D:2      | Killed Crazy Yiuf
  1357 | D:2      | Reached XP level 4. HP: 20/30 MP: 4/8
  1585 | D:2      | Noticed Natasha
  1870 | D:3      | Noticed Jessica
  1872 | D:3      | Killed Jessica
  1872 | D:3      | Reached skill level 5 in Earth Magic
  1872 | D:3      | Reached XP level 5. HP: 35/35 MP: 5/10
  2553 | D:3      | Learned a level 2 spell: Passwall
  2557 | D:3      | Learned a level 3 spell: Stone Arrow
  2649 | D:3      | Noticed a glowing shapeshifter
  2649 | D:3      | a dart slug changed into a glowing shapeshifter
  2649 | D:3      | Noticed a moth of wrath
  2649 | D:3      | a glowing shapeshifter changed into a moth of wrath
  2650 | D:3      | Noticed a fire crab
  2650 | D:3      | a moth of wrath changed into a fire crab
  2651 | D:3      | Noticed a wind drake
  2651 | D:3      | a fire crab changed into a wind drake
  2655 | D:3      | Noticed a redback
  2655 | D:3      | a wind drake changed into a redback
  2657 | D:3      | Noticed a water nymph
  2657 | D:3      | a redback changed into a water nymph
  2659 | D:3      | HP: 1/35 [water nymph (glowing shapeshifter) (11)]
  2659 | D:3      | Drowned by a water nymph (glowing shapeshifter)

Skill      XL: |  1  2  3  4  5 |
---------------+----------------+-----
Earth Magic    | 4 5 |  5.4
Stealth        | 3 |  3.0
Spellcasting   | 3 4 |  4.0
Fighting       | |  0.2
Dodging        | |  1.7
Transmutations | |  1.1

Action                   |  1- 3 |  4- 6 || total
-------------------------+-------+-------++-------
Melee: Whip              |    19 |       ||    19
       Quarterstaff      |       |    10 ||    10
 Cast: Sandblast         |    37 |    40 ||    77
       Stone Arrow       |       |     2 ||     2
 Stab: Sleeping          |     3 |     2 ||     5
  Eat: Chunk             |     1 |     1 ||     2
       Ration            |       |     1 ||     1
Armor: Robe              |     6 |     5 ||    11
Dodge: Dodged            |    14 |     9 ||    23
